 Dungeon Crawl Stone Soup version bcrawl-1.40 (webtiles) character file.

Game seed: 13268766367233109062

430535 Rhok the Nimble (level 16, -4/208 HPs)
             Began as an Oni Wizard on Oct 22, 2023.
             Was the Champion of Makhleb.
             Slain by a ghost moth (15 damage)
             ... on level 4 of the Lair of Beasts.
             The game lasted 01:39:37 (27273 turns).

Rhok the Nimble (Oni Wizard)                       Turns: 27273, Time: 01:39:37

Health: -4/208     AC:  2    Str:  7 (15) XL:     16   Next: 5%
Magic:  0/34       EV: 30    Int: 21 (26) God:    Makhleb [******]
Gold:   2022       SH:  3    Dex: 13 (16) Spells: 0/39 levels left

rFire    . . .     GDR:     25%   - Fangs (venom) (16.5)
rCold    . . .     SeeInvis .   (shield currently unavailable)
rNeg     . . .     Gourm    .   (armour currently unavailable)
rPois    x         Faith    .   (helmet currently unavailable)
rElec    .         Spirit   .   (cloak currently unavailable)
rCorr    .         Reflect  +   (gloves currently unavailable)
MR       ++...                  (boots currently unavailable)
Stlth    ..........             I - +3 amulet of reflection
HPRegen  0.44/turn              D - ring of wizardry
MPRegen  0.24/turn              r - ring of protection from magic

@: berserking, lethally poisoned (-4 -> -179), spider-form, starving, very quick
A: tiny, oni magic
a: End Transformation, Minor Destruction, Hew, Major Destruction, Greater
Servant of Makhleb, Renounce Religion


You were on level 4 of the Lair of Beasts.
You worshipped Makhleb.
Makhleb was exalted by your worship.
You were starving.
You were a venomous arachnid.
You visited 5 branches of the dungeon, and saw 21 of its levels.

You collected 2142 gold pieces.
You spent 120 gold pieces at shops.

Inventory:

Hand Weapons
 V - the +9 staff of Olgreb {+Poison rPois}
   (You found it on level 11 of the Dungeon)

   It protects you from poison.
Missiles
 E - 692 poisoned tomahawks (quivered)
 T - 3 throwing nets {=f}
Armour
 u - a +2 hat (melded)
 H - a +2 pair of gloves (melded)
 J - a +0 pair of boots (melded)
 L - +0 steam dragon scales
 O - a +2 cloak (melded)
 R - a scarf of clouds
 Y - the +1 robe "Weumoytafo" (melded) {rPois Dex-4 SInv}
   (You found it on level 12 of the Dungeon)

   It affects your dexterity (-4).
   It protects you from poison.
   It lets you see invisible.
Jewellery
 j - a +6 ring of intelligence
 r - a ring of protection from magic (right front leg)
 D - a ring of wizardry (left front leg)
 F - an uncursed ring of protection from magic
 I - a +3 amulet of reflection (around neck)
 Q - an uncursed ring of insulation
Wands
 q - a wand of flame (71)
 z - a wand of polymorph (9)
 B - a wand of acid (12)
 M - a wand of iceblast (6)
 Z - a wand of scattershot (3)
Scrolls
 a - a scroll of fear
 g - 2 scrolls of torment
 l - 5 scrolls of immolation
 n - 14 scrolls of remove curse
 p - 2 scrolls of revelation
 s - 6 scrolls of enchant weapon
 C - 5 scrolls of fog
 K - 2 scrolls of amnesia
 P - 3 scrolls of enchant armour
 S - a scroll of vulnerability
Potions
 b - 2 potions of magic
 d - 5 potions of brilliance
 f - a potion of mutation
 h - 4 potions of curing
 k - 6 potions of haste
 m - 4 potions of cancellation
 t - 4 potions of agility
 v - 3 potions of lignification
 w - a potion of flight
 y - a potion of invisibility
 A - a potion of resistance
 G - a potion of berserk rage
 W - 2 potions of might
Comestibles
 e - 38 rations {!d}


   Skills:
 - Level 12.0 Fighting
 - Level 14.0 Dodging
 - Level 7.0 Stealth
 - Level 10.0 Unarmed Combat
 * Level 12.0 Spellcasting
   Level 12.0 Conjurations
   Level 12.0 Hexes
   Level 12.0 Charms
   Level 12.0 Summonings
   Level 12.0 Necromancy
   Level 12.0 Translocations
   Level 12.0 Transmutations
   Level 12.0 Fire Magic
   Level 12.0 Ice Magic
   Level 12.0 Air Magic
   Level 12.0 Earth Magic
   Level 12.0 Poison Magic


You couldn't memorise any spells.
You knew the following spells:

 Your Spells              Type           Power        Failure   Level  Hunger
a - Spider Form           Tmut/Pois      ###          1%          3    None
b - Blink                 Tloc           N/A          1%          2    None
c - Call Imp              Summ           ######       1%          2    None
d - Vampiric Draining     Necr           ######....   1%          3    None
e - Freezing Cloud        Ice/Air        ######..     2%          5    ##.....
f - Mephitic Cloud        Conj/Pois/Air  ######..     1%          3    None
g - Conjure Flame         Conj/Fire      ######..     1%          3    None
h - Summon Forest         Summ/Tloc      ######....   2%          5    ##.....
i - Darkness              Hex            ######....   4%          6    ####...
j - Discord               Hex            ######....   14%         7    ######.

Your spell library contained the following spells:

 Spells                   Type           Power        Failure   Level  Hunger
 Flame Tongue             Conj/Fire      #####        1%          1    None
 Magic Dart               Conj           ####         1%          1    None
 Tukima's Dance           Hex            ######..     1%          3    None
 Iskenderun's Battlesphe  Conj/Chrm      ######..     2%          5    ##.....


Dungeon Overview and Level Annotations

Branches:
Dungeon (12/12)            Temple (1/1) D:7            Lair (6/6) D:7
  Snake (0/3) Lair:2       Spider (1/3) Lair:4        Slime (0/5) Orc
    Orc (1/1) D:8          Vaults (0/3) D:12         Forest (0/3) Lair:6
 Depths (0/5) D:12

Altars:
Ashenzari
Cheibriados
Dithmenos
Fedhas
Gozag
Hepliaklqana
Kikubaaqudgha
Lugonu
Makhleb
Nemelex Xobeh
Okawaru
Qazlal
Ru
Sif Muna
Trog
Uskayaw
Vehumet
Wu Jian
Xom
Yredelemnul
Jiyva

Shops:
Orc :(*[

Annotations:
D:4 2 transporters, lastchild's ghost, novice HuSk
D:6 2 transporters
Lair:2 3 runed translucent doors, Galewind's ghost, journeyman AvFE


Innate Abilities, Weirdness & Mutations

You learn spells by gaining experience, not through books or religion.
You only train spellcasting to practice magic.
((You have sharp fingernails.))
((You have very sharp teeth.))
((You have a pair of small horns on your head.))


Message History

Unknown command.
Unknown command.
Unknown command.
Unknown command.
Unknown command.
Unknown command.
Unknown command.
Okay, than.
Unknown command.
Okay, than.
Unknown command.
Unknown command.
Unknown command.
Unknown command.
A red film seems ta co'er yer vision as ye go berserk!
Ye feel yerself movin' faster!
Ye feel mighty!
* * * LOW HITPOINT WARNIN'
* * * Ye feel 'stremely sick.
Somethin' misses ye.
Somethin' hits ye!
Ye die...

.....♣.♣.........................
.......♣.........................
........♣.......♣.♣............##
..................###....##....#.
......#.♣#'#.##...##.....##....##
......#..P..##♣...♣......##......
......#.P....♣....#......##....#.
..(.....P...y.#{.........##......
......+.......♣.s.##...>.......#.
.......#.#.#.♣.....#.....##.....#
.........♣...♣.....♣##.####....##
....................♣..###.....##
...............................##
.................................
........................(........
.................................
......##...P......##'#######.....


There were no monsters in sight!

Vanquished Creatures
  Kirke (Lair:3)
  2 orc warlords (Orc)
  3 catoblepae (Lair:6)
  Harold (Lair:6)
  2 vault guards (D:12)
  3 hydras
  3 two-headed ogres
  Sonja (Lair:5)
  A queen ant (D:8)
  3 death yaks (Lair:6)
  An orc high priest (Orc)
  3 centaur warriors
  2 cyclopes
  3 orc knights
  A wizard (D:12)
  2 manticores
  An orb spider (Lair:4)
  An ugly thing (D:7)
  A deep elf mage (D:12)
  3 orc sorcerers (Orc)
  4 elephants
  6 black mambas
  7 cane toads
  3 rime drakes
  A freezing wraith (D:11)
  5 komodo dragons
  4 trolls
  12 blink frogs
  3 dream sheep
  A hornet (D:7)
  5 hippogriffs
  4 harpy skeletons (D:12)
  A shadow (D:12)
  A water elemental (D:12)
  A spriggan (shapeshifter) (D:8)
  3 basilisks
  37 yaks
  2 hogs (Lair:3)
  A steam dragon (Lair:2)
  A hungry ghost (D:10)
  4 crocodiles
  6 water moccasins
  Duvessa (D:7)
  10 porcupines
  2 hell hounds (Lair:1)
  23 orc warriors
  3 soldier ants (D:8)
  An ice beast (D:5)
  A phantom (D:5)
  A slave (D:5)
  A black bear (Lair:2)
  2 sky beasts
  2 necrophages
  7 wolves
  5 ogres
  7 bullfrogs
  3 kobold brigands (D:8)
  A centaur (D:12)
  4 killer bees
  3 scorpions
  11 wights
  A howler monkey (D:5)
  An electric eel (Lair:1)
  7 orc priests
  5 crimson imps
  A quasit (D:10)
  6 hounds
  Natasha (twice) (D:3)
  An iguana (D:7)
  9 orc wizards
  12 worker ants
  A hound zombie (D:9)
  A hound skeleton (D:4)
  Robin (D:3)
  2 worker ant zombies
  3 gnolls (D:2)
  4 adders
  A river rat (D:3)
  2 shadow imps
  3 oozes
  2 adder zombies
  An adder skeleton (D:3)
  3 worms
  3 dart slugs
  2 leopard geckos (D:2)
  45 orcs
  4 giant cockroaches
  11 goblins
  10 hobgoblins
  4 quokkas
  4 bats
  4 frilled lizards
  10 kobolds
  6 rats
  A plant (Lair:6)
  2 snaplasher vines (Orc)
413 creatures vanquished.

Vanquished Creatures (collateral kills)
  Nessos (Orc)
  2 vault guards (D:12)
  A catoblepas (Lair:6)
  2 two-headed ogres (D:12)
  3 hydras
  A death knight (D:10)
  An ogre mage (Orc)
  2 orc high priests (Orc)
  A death yak (Lair:6)
  An unseen horror (D:12)
  A wizard (D:12)
  Pikel (D:4)
  A cyclops (D:12)
  2 orc knights (Orc)
  4 manticores
  A necromancer (D:12)
  3 orc sorcerers
  2 ugly things
  8 elephants
  5 black mambas
  5 cane toads
  4 molten gargoyles (D:9)
  A kobold demonologist (D:12)
  A yaktaur (D:12)
  A freezing wraith (D:12)
  A harpy zombie (D:12)
  2 trolls
  A tengu conjurer (D:12)
  A wolf spider simulacrum (D:12)
  2 harpy skeletons (D:12)
  A raiju (shapeshifter) (D:12)
  A hornet (D:10)
  13 blink frogs
  3 hippogriffs
  5 dream sheep (Lair:6)
  2 meliai zombies
  Grum (Lair:6)
  2 vampires (D:12)
  A wyvern (Lair:1)
  21 yaks
  5 basilisks
  A redback (Spider:1)
  A hog (Lair:3)
  A hungry ghost (D:10)
  A warg (D:12)
  6 crocodiles
  An acid dragon (Lair:6)
  6 water moccasins (Lair:2)
  3 porcupines
  A soldier ant (D:8)
  11 orc warriors
  A swamp drake (D:8)
  A black bear (D:5)
  9 ogres
  4 wolves
  3 bullfrogs
  A kobold brigand (D:8)
  Dowan (D:7)
  A centaur (D:9)
  A killer bee (D:9)
  6 wights
  12 orc priests
  A howler monkey (D:10)
  3 crimson imps
  A hound (D:8)
  2 jellies (Orc)
  A bullfrog skeleton (D:7)
  Natasha (D:3)
  5 orc wizards
  6 worker ants
  A gnoll (D:2)
  6 adders
  An adder skeleton (D:4)
  3 leopard geckos
  23 orcs
  2 giant cockroaches (D:1)
  3 goblins
  2 hobgoblins
  5 kobolds
  A bat (D:1)
  A frilled lizard (D:1)
  5 rats (D:1)
  A bush (Lair:3)
  9 fungi
  22 plants
294 creatures vanquished.

Vanquished Creatures (others)
  A warg (Orc)
  A slave (D:5)
  A phantom (D:5)
  A killer bee (D:9)
  An orc priest (Orc)
  An orc wizard (Orc)
  A worker ant (D:5)
  2 orcs (Orc)
  A bush (D:7)
  7 fungi
  24 plants
  21 snaplasher vines
62 creatures vanquished.

Grand Total: 769 creatures vanquished

Notes
Turn   | Place    | Note
-------+----------+-------------------------------------------
     0 | D:1      | Rhok the Oni Wizard began the quest for the Orb.
     0 | D:1      | Reached XP level 1. HP: 14/14 MP: 6/6
   371 | D:1      | Reached XP level 2. HP: 20/20 MP: 0/7
   406 | D:1      | Learned a level 2 spell: Call Imp
   926 | D:1      | Reached XP level 3. HP: 26/26 MP: 4/9
  1118 | D:1      | Learned a level 2 spell: Blink
  1122 | D:1      | Learned a level 3 spell: Spider Form
  1816 | D:2      | Reached XP level 4. HP: 24/33 MP: 8/11
  2587 | D:3      | Reached XP level 5. HP: 34/38 MP: 12/12
  2801 | D:3      | Identified the +2 helmet of the Lizard {MR+ Dex-4 Stlth+}
  2801 | D:3      | Noticed Robin
  2854 | D:3      | Killed Robin
  2976 | D:3      | Reached skill level 1 in Unarmed Combat
  3070 | D:3      | Noticed Natasha
  3082 | D:3      | Killed Natasha
  3188 | D:3      | Noticed Natasha
  3199 | D:3      | Killed Natasha
  3200 | D:3      | Reached XP level 6. HP: 45/45 MP: 12/14
  3204 | D:3      | Learned a level 3 spell: Mephitic Cloud
  3528 | D:3      | Noticed Natasha
  3535 | D:3      | Killed Natasha
  3715 | D:4      | Noticed a sky beast
  3742 | D:3      | Killed a sky beast
  3898 | D:4      | Reached XP level 7. HP: 33/50 MP: 10/15
  4260 | D:4      | Reached skill level 5 in Stealth
  4294 | D:4      | Found a transporter.
  4297 | D:4      | Found a transporter.
  4297 | D:4      | Noticed lastchild's ghost (novice HuSk)
  4546 | D:5      | Entered Level 5 of the Dungeon
  4546 | D:5      | Noticed Pikel
  4588 | D:4      | Killed Pikel
  4589 | D:4      | Reached skill level 5 in Unarmed Combat
  4589 | D:4      | Reached XP level 8. HP: 36/57 MP: 7/16
  4648 | D:4      | Learned a level 3 spell: Vampiric Draining
  5090 | D:5      | Reached skill level 1 in Fighting
  5199 | D:5      | Noticed a two-headed ogre
  5217 | D:5      | Killed a two-headed ogre
  5218 | D:5      | Reached skill level 5 in Fighting
  5218 | D:5      | Reached XP level 9. HP: 67/75 MP: 6/17
  5328 | D:5      | Reached skill level 2 in Dodging
  5648 | D:5      | Reached skill level 3 in Dodging
  5935 | D:6      | Found a transporter.
  6508 | D:6      | Found a transporter.
  7145 | D:7      | Reached skill level 4 in Dodging
  7199 | D:7      | Found a burning altar of Makhleb.
  7280 | D:7      | Noticed Duvessa
  7310 | D:7      | Noticed Dowan
  7322 | D:7      | Killed Duvessa
  7323 | D:7      | Reached skill level 5 in Dodging
  7324 | D:7      | Killed Dowan
  7467 | D:7      | Noticed a purple ugly thing
  7482 | D:7      | Killed a purple ugly thing
  7483 | D:7      | Reached skill level 6 in Dodging
  7483 | D:7      | Reached XP level 10. HP: 83/83 MP: 14/18
  7548 | D:7      | Found a staircase to the Lair.
  7556 | D:7      | Reached skill level 7 in Dodging
  7584 | D:7      | Reached skill level 5 in Spellcasting
  7850 | D:7      | Found a staircase to the Ecumenical Temple.
  7921 | D:7      | Learned a level 5 spell: Freezing Cloud
  7948 | Temple   | Entered the Ecumenical Temple
  8087 | Temple   | Became a worshipper of Makhleb the Destroyer
  8981 | D:8      | Reached * piety under Makhleb
  8985 | D:8      | Reached XP level 11. HP: 64/89 MP: 15/23
  9524 | D:8      | Noticed a queen ant
  9538 | D:8      | Killed a queen ant
  9598 | D:8      | Found a staircase to the Orcish Mines.
  9786 | D:8      | Reached ** piety under Makhleb
  9792 | D:8      | Noticed a three-headed hydra
  9808 | D:8      | Killed a three-headed hydra
  9957 | D:9      | Noticed a two-headed ogre
 10015 | D:9      | Noticed a manticore
 10030 | D:8      | Killed a manticore
 10246 | D:9      | Learned a level 3 spell: Conjure Flame
 11293 | D:8      | Found a staircase to the Orcish Mines.
 11664 | D:9      | Killed a two-headed ogre
 11680 | D:9      | Reached skill level 8 in Dodging
 11706 | D:9      | Reached XP level 12. HP: 101/101 MP: 13/26
 11712 | D:9      | Learned a level 5 spell: Summon Forest
 11889 | D:9      | Reached *** piety under Makhleb
 12384 | D:9      | Found a shattered altar of Ashenzari.
 12387 | D:9      | Found a corrupted altar of Lugonu.
 12387 | D:9      | Found a hide-covered altar of Uskayaw.
 12389 | D:9      | Found a glowing golden altar of the Shining One.
 12389 | D:9      | Found an opulent altar of Gozag.
 12389 | D:9      | Found a bloodstained altar of Trog.
 12390 | D:9      | Found a snail-covered altar of Cheibriados.
 12516 | Lair:1   | Entered Level 1 of the Lair of Beasts
 12872 | Lair:1   | Found a dark tunnel.
 12938 | Lair:1   | Reached skill level 10 in Fighting
 13635 | Lair:2   | Found a staircase to the Snake Pit.
 13642 | Lair:2   | Noticed a four-headed hydra
 13649 | Lair:2   | Killed a four-headed hydra
 13654 | Lair:2   | Reached **** piety under Makhleb
 13705 | Lair:2   | Noticed a five-headed hydra
 13716 | Lair:2   | Killed a five-headed hydra
 14048 | Lair:2   | Found a radiant altar of Vehumet.
 14213 | Lair:2   | Found a runed translucent gate.
 14213 | Lair:2   | Found a runed translucent gate.
 14213 | Lair:2   | Found a runed translucent gate.
 14562 | Lair:2   | Noticed Galewind's ghost (journeyman AvFE)
 14844 | Lair:3   | Reached XP level 13. HP: 118/118 MP: 19/27
 14977 | Lair:3   | Reached skill level 9 in Dodging
 15427 | Lair:3   | Noticed Kirke
 15817 | Lair:3   | Killed Kirke
 16035 | Lair:4   | Reached skill level 10 in Dodging
 16355 | Lair:4   | Reached ***** piety under Makhleb
 16808 | Lair:4   | Found a hole to the Spider Nest.
 16821 | Lair:4   | Reached skill level 10 in Unarmed Combat
 17273 | Lair:5   | Noticed Sonja
 17279 | Lair:5   | Killed Sonja
 17280 | Lair:5   | Reached XP level 14. HP: 117/126 MP: 26/29
 17332 | Lair:5   | Learned a level 6 spell: Darkness
 17856 | Lair:5   | Reached skill level 10 in Spellcasting
 18146 | Lair:6   | Entered Level 6 of the Lair of Beasts
 18358 | Lair:6   | Noticed Harold
 18434 | Lair:6   | Noticed Grum
 18435 | Lair:6   | Killed Harold
 18441 | Lair:6   | Killed Grum
 18569 | Lair:6   | Found a staircase to the Spriggan Forest.
 19122 | Lair:6   | Reached ****** piety under Makhleb
 19125 | Lair:6   | Reached skill level 11 in Dodging
 19907 | D:10     | Entered Level 10 of the Dungeon
 20980 | D:11     | Reached skill level 12 in Dodging
 20980 | D:11     | Reached XP level 15. HP: 130/132 MP: 26/32
 21489 | D:11     | Found a sacrificial altar of Ru.
 21560 | D:11     | Found the +9 staff of Olgreb {+Poison rPois}
 21940 | D:12     | Entered Level 12 of the Dungeon
 22117 | D:12     | Found a staircase to the Depths.
 22223 | D:12     | Got a thick robe
 22238 | D:12     | Found a gate to the Vaults.
 22844 | D:12     | Identified the +1 robe "Weumoytafo" {rPois Dex-4 SInv} (You
                  | found it on level 12 of the Dungeon)
 23281 | D:12     | Found a burning altar of Makhleb.
 23755 | Orc      | Entered the Orcish Mines
 23767 | Orc      | Noticed an orc warlord
 23779 | Orc      | Noticed Nessos
 24083 | Orc      | Found a frozen archway.
 24374 | Orc      | Killed Nessos
 24390 | Orc      | Killed an orc warlord
 24391 | Orc      | Reached skill level 13 in Dodging
 24598 | Orc      | Noticed an orc warlord
 24773 | Orc      | Killed an orc warlord
 25132 | Orc      | Reached XP level 16. HP: 139/139 MP: 29/34
 25140 | Orc      | Learned a level 7 spell: Discord
 25377 | Orc      | Reached skill level 14 in Dodging
 25496 | Orc      | Found a viscous altar of Jiyva.
 25496 | Orc      | Found a staircase to the Slime Pits.
 25501 | Orc      | Found a viscous altar of Jiyva.
 25749 | Orc      | Found Yzejouq's General Store.
 25750 | Orc      | Found Goti's Book Emporium.
 25752 | Orc      | Found Sied's Antique Armour Shoppe.
 25752 | Orc      | Found Toosi's Antique Weapon Shoppe.
 25766 | Orc      | Bought a scroll of enchant armour for 90 gold pieces
 25769 | Orc      | Bought a potion of curing for 30 gold pieces
 25985 | Spider:1 | Entered Level 1 of the Spider Nest
 26282 | Lair:4   | Found a hole to the Spider Nest.
 26520 | Lair:4   | HP: 3/139 [ghost moth (10)]
 27268 | Lair:4   | HP: 6/139 [something (9)]
 27269 | Lair:4   | HP: 1/139 [something (11)]
 27273 | Lair:4   | Slain by a ghost moth

Skill      XL: |  1  2  3  4  5  6  7  8  9 10 11 12 13 14 15 16 |
---------------+-------------------------------------------------+-----
Stealth        | 2 3 4 6 7 |  7.0
Spellcasting   | 3 4 7 8 9 11 12 | 12.0
Unarmed Combat | 1 3 5 6 8 10 | 10.0
Fighting       | 5 6 7 12 | 12.0
Dodging        | 6 7 8 10 12 13 14 | 14.0
Conjurations   | | 12.0
Hexes          | | 12.0
Charms         | | 12.0
Summonings     | | 12.0
Necromancy     | | 12.0
Translocations | | 12.0
Transmutations | | 12.0
Fire Magic     | | 12.0
Ice Magic      | | 12.0
Air Magic      | | 12.0
Earth Magic    | | 12.0
Poison Magic   | | 12.0

Action                   |  1- 3 |  4- 6 |  7- 9 | 10-12 | 13-15 | 16-18 || total
-------------------------+-------+-------+-------+-------+-------+-------++-------
Melee: Staff             |    21 |       |       |       |       |     1 ||    22
       Bite              |     2 |       |       |       |       |     4 ||     6
       Unarmed           |    30 |   169 |   194 |   410 |   628 |    73 ||  1504
       Headbutt          |       |       |       |       |     1 |     6 ||     7
Throw: Tomahawk          |       |       |       |       |       |     2 ||     2
 Cast: Magic Dart        |    44 |     4 |       |       |       |       ||    48
       Call Imp          |    21 |    11 |    33 |   126 |   176 |    11 ||   378
       Spider Form       |     1 |     1 |     2 |     4 |     5 |     2 ||    15
       Mephitic Cloud    |       |       |     2 |    11 |    16 |       ||    29
       Vampiric Draining |       |       |     2 |       |       |       ||     2
       Freezing Cloud    |       |       |       |    13 |    45 |       ||    58
       Blink             |       |       |       |     2 |     8 |     1 ||    11
       Summon Forest     |       |       |       |     7 |    59 |     6 ||    72
       Conjure Flame     |       |       |       |       |     1 |       ||     1
       Darkness          |       |       |       |       |     3 |       ||     3
Invok: Minor Destruction |       |       |       |       |       |     2 ||     2
 Abil: End Transformatio |       |       |     2 |     3 |     3 |     2 ||    10
Evoke: Wand              |       |       |       |     1 |     6 |     1 ||     8
       Staff of Olgreb   |       |       |       |       |     1 |       ||     1
  Use: Scroll            |     3 |     3 |     7 |     5 |    17 |     5 ||    40
       Potion            |       |       |       |     1 |       |     9 ||    10
 Stab: Sleeping          |     2 |     9 |     9 |     7 |    11 |       ||    38
       Distracted        |       |     1 |     2 |     9 |    16 |     2 ||    30
       Confused          |       |       |     1 |     3 |     9 |       ||    13
  Eat: Chunk             |     6 |    10 |    15 |    35 |    61 |     3 ||   130
       Ration            |       |       |     1 |     1 |     1 |     1 ||     4
Armor: Animal skin       |     8 |       |       |       |       |       ||     8
       Skin              |       |    11 |    12 |    14 |    12 |     1 ||    50
       Steam dragon scal |       |       |       |       |       |    20 ||    20
       Robe              |       |       |       |       |       |    15 ||    15
Dodge: Dodged            |    61 |   127 |   129 |   442 |   647 |    73 ||  1479
Block: Other             |       |       |       |     7 |    77 |    12 ||    96
       Reflection        |       |       |       |       |     9 |       ||     9
